 Dungeon Crawl Stone Soup version 0.29-a0-555-g3b24f45cc1 (webtiles) character file.

Game seed: 12907919728727268592

595 bande the Chopper (level 7, -8/44 HPs)
             Began as a Gargoyle Fighter on June 7, 2022.
             Mangled by a small abomination (15 damage)
             ... on level 4 of the Dungeon.
             The game lasted 00:06:54 (4222 turns).

bande the Chopper (Gargoyle Fighter)                Turns: 4222, Time: 00:06:55

Health: -8/44      AC: 16    Str: 19    XL:     7   Next: 40%
Magic:  0/7        EV:  7    Int:  7    God:
Gold:   90         SH:  4    Dex: 11    Spells: 6/6 levels left

rFire   + . .      SeeInvis .   n - +1 war axe (vamp)
rCold   . . .      Faith    .   c - +0 buckler
rNeg    + . .      Spirit   +   p - +2 chain mail {rF+}
rPois   ∞          Reflect  .   (no helmet)
rElec   +          Harm     .   (no cloak)
rCorr   .          Rampage  .   (no gloves)
Will    .....                   (no boots)
Stlth   ..........              k - amulet of guardian spirit
HPRegen 0.14/turn               (no ring)
MPRegen 0.10/turn               (no ring)

@: no status effects
A: sickness immunity, AC +4, negative energy resistance 1, electricity
resistance, torment resistance 1, petrification resistance, dopey 1, evolution 1
a: no special abilities


You were on level 4 of the Dungeon.
You visited 1 branch of the dungeon, and saw 4 of its levels.

You collected 237 gold pieces.
You spent 147 gold pieces at shops.

Inventory:

Hand Weapons
 a - a +0 war axe
 m - a +0 flail
 n - a +1 vampiric war axe (weapon)
Missiles
 b - a throwing net (quivered)
Armour
 c - a +0 buckler (worn)
 p - a +2 chain mail of fire resistance (worn)
Jewellery
 k - an amulet of guardian spirit (around neck)
Wands
 h - a wand of charming (2)
 o - a wand of paralysis (7)
Scrolls
 e - 7 scrolls of teleportation
Potions
 d - a potion of might
 f - 2 potions of berserk rage
 g - a potion of resistance
 i - a potion of mutation
 j - a potion of haste {unknown}
 l - a potion of ambrosia {unknown}


   Skills:
 + Level 4.6 Fighting
 + Level 5.2 Axes
 + Level 4.5 Armour
 + Level 4.1 Shields
 * Level 2.1 Evocations


You had 6 spell levels left.
You didn't know any spells.
Your spell library was empty.

Dungeon Overview and Level Annotations

Branches:
Dungeon (4/15)
 Temple: D:4-7

Altars:
Fedhas
Nemelex Xobeh
Qazlal

Shops:
D:4 *

Portals:
Abyss: D:4

Annotations:
D:4 1 transporter, thriggle's ghost, novice OpEn


Innate Abilities, Weirdness & Mutations

You are immune to sickness and miasma.
Your stone body is resilient. (AC +4)
You are immune to poison.
You resist negative energy. (rN+)
You are resistant to electric shocks. (rElec)
You are resistant to unholy torment.
You are immune to petrification.
You are dopey. (Int -2)
You have hidden genetic potential.


Message History

You block the ufetubus's attack. The ufetubus hits you.
The ufetubus hits you but does no damage. x2
The ufetubus closely misses you.
The ufetubus hits you but does no damage. x2
You block the ufetubus's attack.
The ufetubus hits you but does no damage.
You block the ufetubus's attack.
The ufetubus hits you but does no damage. x2
Things that are here:
a potion of might; 12 gold pieces The ufetubus hits you but does no damage.
The ufetubus hits you. The ufetubus barely misses you. x2
The ufetubus attacks as you move away! The ufetubus closely misses you.
The ufetubus barely misses you.
You barely miss the ufetubus. x2; The ufetubus completely misses you.
The ufetubus hits you.
The ufetubus hits you but does no damage. x3
The ufetubus hits you.
The ufetubus hits you but does no damage.
You block the ufetubus's attack.
You slash the ufetubus!
You kill the ufetubus!
You slash the ufetubus!
You kill the ufetubus!
You barely miss the small abomination.
The small abomination closely misses you.
The small abomination hits you.
Unknown command.
You barely miss the small abomination. The small abomination hits you.
You closely miss the small abomination.
You block the small abomination's attack.
The small abomination hits you!
You closely miss the small abomination. The small abomination hits you.
You closely miss the small abomination.
The small abomination hits you but does no damage.
The small abomination hits you!
* * * LOW HITPOINT WARNING * * *
You hit the small abomination but do no damage.
The small abomination hits you!
You die...

...............###..###......#
..........###.##.####.##.....#
..........#.###[..##.#.#.....#
.........©#. .#.#..#..#.....#
..........##..###...##.##....#
...........#.####.###.#.##[..#
...........##..#.##.##.∩##...####
..).........##W#.#..##W##.......#
.....##......#Kx@##..###.[......#
.....##......#.####..............
.....).....###.#.###.............
..#..###...# ^^.©5 #####......#.#
#.##.##...##...###..##^##.......#
#....##...#©#.##©# #....#........
##.##.....##.##..##.#####........
#.##......###....####..........#
##...........................##.#


You could see a kobold brigand, a small abomination and thriggle's ghost.

Vanquished Creatures
  A black bear (D:3)
  A scorpion (D:4)
  3 hounds
  An orc priest (D:4)
  3 orc wizards
  Terence (D:3)
  3 gnolls (D:4)
  3 adders (D:3)
  A white imp (D:4)
  3 ufetubi (D:4)
  2 worms
  A dart slug (D:4)
  34 orcs
  6 bats
  5 endoplasms
  4 giant cockroaches
  6 goblins
  10 hobgoblins
  9 jackals
  2 quokkas
  5 ball pythons
  3 frilled lizards
  3 kobolds
  4 rats
114 creatures vanquished.

Vanquished Creatures (others)
  16 plants (D:3)
16 creatures vanquished.

Grand Total: 130 creatures vanquished

Notes
Turn   | Place    | Note
-------+----------+-------------------------------------------
     0 | D:1      | bande the Gargoyle Fighter began the quest for the Orb.
     0 | D:1      | Reached XP level 1. HP: 14/14 MP: 1/1
   211 | D:1      | Reached skill level 2 in Axes
   211 | D:1      | Reached XP level 2. HP: 17/19 MP: 2/2
  1284 | D:2      | Reached XP level 3. HP: 24/24 MP: 3/3
  1571 | D:2      | Found a stormy altar of Qazlal.
  2019 | D:3      | Found a sparkling altar of Nemelex Xobeh.
  2235 | D:3      | Reached skill level 3 in Axes
  2235 | D:3      | Reached XP level 4. HP: 27/29 MP: 2/4
  2335 | D:3      | Noticed Terence
  2346 | D:3      | Killed Terence
  2660 | D:3      | Reached XP level 5. HP: 30/33 MP: 2/5
  2746 | D:3      | Found a faded altar of an unknown god.
  2829 | D:3      | Reached skill level 1 in Evocations
  2888 | D:3      | Reached skill level 4 in Axes
  2932 | D:3      | Reached XP level 6. HP: 35/38 MP: 6/6
  3102 | D:4      | Noticed a black bear
  3116 | D:3      | Killed a black bear
  3244 | D:4      | Reached XP level 7. HP: 44/44 MP: 3/7
  3290 | D:4      | Found a transporter.
  3292 | D:4      | Found a transporter.
  3588 | D:4      | Reached skill level 5 in Axes
  3724 | D:4      | Found a one-way gate to the infinite horrors of the Abyss.
  3724 | D:4      | Noticed thriggle's ghost (novice OpEn)
  3764 | D:4      | Found Pumoax's CLEARANCE SALE!.
  3769 | D:4      | Bought a potion of mutation for 40 gold pieces
  3769 | D:4      | Bought a +2 chain mail of fire resistance for 107 gold
                  | pieces
  3780 | D:4      | Gained mutation: You are dopey. (Int -2) [potion of
                  | mutation]
  3780 | D:4      | Gained mutation: You have hidden genetic potential. [potion
                  | of mutation]
  3908 | D:4      | Found a blossoming altar of Fedhas.
  4207 | D:4      | Noticed a small abomination
  4222 | D:4      | Mangled by a small abomination

Illustrated notes

Levels and vault maps discovered:
D:1:      dpeg_arrival_oval, layout_loops_ring
D:2:      layout_basic, basic_altar, kennysheep_nub, minmay_misc_feat_hallway,
          st_stairs_6, lightli_corner_chamber
D:3:      layout_loops_cross, mainiacjoe_overflow_cross_hatched,
          dilly_ecumenical_altar_fadedgnrine, uniq_terence
D:4:      layout_cave_pools, mainiacjoe_overflow_alcove_4,
          gammafunk_ghost_abyssal_escape, kennysheep_path_1,
          nicolae_shop_clearance

Skill      XL: |  1  2  3  4  5  6  7 |
---------------+----------------------+-----
Axes           | 2 3 4 5 |  5.2
Fighting       | 4 |  4.6
Evocations     | 1 2 |  2.1
Armour         | 4 |  4.5
Shields        | 4 |  4.1

Action                   |  1- 3 |  4- 6 |  7- 9 || total
-------------------------+-------+-------+-------++-------
Melee: War axe           |   120 |   137 |    66 ||   323
  Use: Scroll            |     7 |       |     2 ||     9
       Potion            |       |       |     1 ||     1
Armor: Scale mail        |    81 |    70 |       ||   151
       Chain mail        |       |    48 |    75 ||   123
Dodge: Dodged            |    68 |    67 |    35 ||   170
Block: Buckler           |    23 |    40 |    17 ||    80

Table legend: (Time is in decaauts)
 A = Elapsed time spent in this place.
 B = Non-inter-level travel time spent in this place.
 C = Inter-level travel time spent in this place.
 D = Time resting spent in this place.
 E = Time spent auto-exploring this place.
 F = Levels seen in this place.
 G = Mean time per level.
                   A        B        C        D        E       F      G
               +--------+--------+--------+--------+--------+-----+--------+
         Total |   4349 |   4250 |     99 |    544 |   2816 |   4 | 1087.2 |
       Dungeon |   4349 |   4250 |     99 |    544 |   2816 |   4 | 1087.2 |
               +--------+--------+--------+--------+--------+-----+--------+

Top non-repeatable levels by time:
     D:3: 1252 daAuts
     D:4: 1150 daAuts
     D:1: 1146 daAuts
     D:2: 800 daAuts
